 Dungeon Crawl Stone Soup version 0.20-a0-924-gfa95efa (webtiles) character file.

164 AlphabetPasta the Grasshopper (level 5, -1/22 HPs)
             Began as a Felid Wanderer on Mar 26, 2017.
             Was an Initiate of Sif Muna.
             Slain by a worker ant (2 damage)
             ... on level 4 of the Dungeon.
             The game lasted 00:21:03 (5826 turns).

AlphabetPasta the Grasshopper (Felid Wanderer)      Turns: 5826, Time: 00:21:03

Health: -1/22      AC:  4    Str:  7    XL:     5   Next: 21%
Magic:  8/10       EV: 17    Int: 15    God:    Sif Muna [......]
Gold:   137        SH:  0    Dex: 16    Spells: 4/9 levels left
                                        Lives:  0   Deaths: 1

rFire    . . .     SeeInvis +     - Unarmed
rCold    . . .     Gourm    .   (shield unavailable)
rNeg     . . .     Faith    .   (armour unavailable)
rPois    .         Spirit   .   (helmet unavailable)
rElec    .         Reflect  .   (cloak unavailable)
rCorr    .         Harm     .   (gloves unavailable)
MR       .....     Rnd*Tele +   (boots unavailable)
Stlth    +++.......             (no amulet)
Regen    0.1/turn               j - +3 ring of protection
MPRegen  0.2/turn               k - ring of teleportation (curse)

@: lethally poisoned (-1 -> -18), quick
A: no armour, no weapons or thrown items, stealth, claws 1, fangs 3, see
invisible, carnivore 3, speed 1, shaggy fur 1, slow metabolism 1, sharp paws
a: Renounce Religion


You were on level 4 of the Dungeon.
You worshipped Sif Muna.
Sif Muna was noncommittal.
You were completely stuffed.

You visited 1 branch of the dungeon, and saw 4 of its levels.

You collected 137 gold pieces.

Inventory:

Jewellery
 j - a +3 ring of protection (left paw)
 k - a cursed ring of teleportation (right paw)
Scrolls
 d - 5 scrolls of recharging
 e - 2 scrolls of identify
 h - a scroll of teleportation
Potions
 i - 2 potions of flight
Books
 a - a book of Minor Magic

   Spells                             Type                      Level
   a - Magic Dart                     Conjuration                  1
   b - Blink                          Translocation                2
   c - Call Imp                       Summoning                    2
   d - Slow                           Hexes                        2
   e - Conjure Flame                  Conjuration/Fire             3
   f - Mephitic Cloud                 Conjuration/Poison/Air       3
 b - the Incunabulum of the Traveller

   Spells                             Type                      Level
   a - Apportation                    Translocation                1
   b - Recall                         Summoning/Translocation      3
Comestibles
 c - 2 meat rations
 f - a royal jelly
 g - 2 chunks of flesh


   Skills:
 + Level 1.5 Fighting
 + Level 1.8 Dodging
 + Level 2.2 Stealth
 * Level 2.5 Unarmed Combat
 + Level 2.6 Spellcasting
 + Level 4.0 Hexes
 + Level 5.5 Translocations
   Level 1.0 Earth Magic
 + Level 0.0 Invocations
   Level 2.1 Evocations


You had 4 spell levels left.
You knew the following spells:

 Your Spells              Type           Power        Failure   Level  Hunger
a - Magic Dart            Conj           #...         21%         1    #......
b - Blink                 Tloc           N/A          3%          2    ##.....
c - Slow                  Hex            ##......     8%          2    ##.....


Dungeon Overview and Level Annotations

Branches:
Dungeon (4/15)
 Temple: D:4-7

Altars:
Ashenzari
Gozag
Ru
Sif Muna

Annotations:
D:4 plsesad's ghost, amateur HOMo


Innate Abilities, Weirdness & Mutations

You cannot wear armour.
You are incapable of wielding weapons or throwing items.
Your paws allow you to move quietly. (Stealth)
You have sharp claws.
You have razor-sharp teeth.
You have supernaturally acute eyesight. (SInv)
You are carnivorous and can eat meat at any time.
You cover ground quickly.
You are covered in fur. (AC +1)
You have a slow metabolism.
Your sharp claws are effective at attacking unaware monsters.


Message History

The worker ant bites you.
You are poisoned.
The worker ant poisons you! The worker ant bites you.
You scratch the worker ant.
The worker ant is severely wounded.
You feel sick. The worker ant bites you.
You completely miss the worker ant.
The worker ant is severely wounded.
You feel sick. The worker ant bites you!
You barely miss the worker ant.
The worker ant is severely wounded.
The worker ant bites you.
* * * LOW HITPOINT WARNING * * *
You are more poisoned.
The worker ant poisons you!
You scratch the worker ant but do no damage.
The worker ant is severely wounded.
* * * LOW HITPOINT WARNING * * *
You feel sick. The worker ant bites you.
You die...

##########
...#.....##
..........##
...........#
.........a.#
........@..#
...........#
.(.........#
...........#
.!.....<..##
.........##
##.#######
#.. #######
.


You could see a worker ant.

Vanquished Creatures
  Terence (D:3)
  4 gnolls (D:3)
  7 adders
  2 oozes
  2 worms
  3 dart slugs
  2 leopard geckos (D:3)
  2 ball pythons
  5 bats
  8 giant cockroaches
  6 goblins
  12 hobgoblins
  A quokka (D:2)
  2 frilled lizards
  8 kobolds
  3 rats
68 creatures vanquished.

Notes
Turn   | Place    | Note
-------+----------+-------------------------------------------
     0 | D:1      | AlphabetPasta the Felid Wanderer began the quest for the Orb.
     0 | D:1      | AlphabetPasta set off with: a book of Minor Magic, the Incunabulum of the Traveller, a meat ration
     0 | D:1      | Reached XP level 1. HP: 7/7 MP: 4/4
     0 | D:1      | Identified the Incunabulum of the Traveller
     2 | D:1      | Learned a level 1 spell: Magic Dart
   395 | D:1      | Reached skill level 1 in Dodging
   661 | D:1      | Reached XP level 2. HP: 11/11 MP: 3/6
   665 | D:1      | Learned a level 2 spell: Blink
   668 | D:1      | Learned a level 2 spell: Slow
   762 | D:1      | Reached skill level 1 in Unarmed Combat
  1212 | D:1      | Found a shattered altar of Ashenzari.
  1684 | D:2      | Reached skill level 1 in Stealth
  1684 | D:2      | Reached XP level 3. HP: 11/15 MP: 2/7
  2619 | D:2      | Reached XP level 4. HP: 18/18 MP: 3/8
  2752 | D:2      | Reached skill level 1 in Fighting
  3385 | D:3      | Noticed Terence
  3436 | D:3      | Slain by a gnoll
  3437 | D:3      | Reached XP level 3. HP: 0/15 MP: 4/7
  3773 | D:3      | Reached skill level 5 in Translocations
  4064 | D:3      | Reached XP level 4. HP: 13/19 MP: 5/8
  4217 | D:3      | Killed Terence
  5145 | D:3      | Reached XP level 5. HP: 15/22 MP: 7/10
  5726 | D:3      | Found an opulent altar of Gozag.
  5728 | D:3      | Found a sacrificial altar of Ru.
  5728 | D:3      | Found a deep blue altar of Sif Muna.
  5742 | D:3      | Became a worshipper of Sif Muna the Loreminder
  5790 | D:4      | Noticed plsesad's ghost (amateur HOMo)
  5826 | D:4      | HP: 1/22 [poisoned by a worker ant]
  5826 | D:4      | Slain by a worker ant

Vault maps used:
D:1:      tarquinn_simple_flora_water_d, ashenzari_altar_1
D:2:      first_bread
D:3:      grunt_temple_overflow_diamond, uniq_terence
D:4:      serial_shops, kennysheep_mini_moat, minmay_misc_feat_four_crosses

Skill      XL: |  1  2  3  4  5 |
---------------+----------------+-----
Dodging        | 1 |  1.8
Unarmed Combat | 1 2 |  2.5
Stealth        | 1 2 |  2.2
Fighting       | 1 |  1.5
Translocations | 5 |  5.5
Hexes          | 4 |  4.0
Spellcasting   | |  2.6
Earth Magic    | |  1.0
Evocations     | |  2.1

Action                   |  1- 3 |  4- 6 || total
-------------------------+-------+-------++-------
Melee: Unarmed           |   121 |   127 ||   248
       Bite              |     8 |    15 ||    23
 Cast: Magic Dart        |    94 |    64 ||   158
       Slow              |     7 |    11 ||    18
  Use: Potion            |     3 |     2 ||     5
       Scroll            |     2 |     6 ||     8
 Stab: Sleeping          |     2 |     2 ||     4
  Eat: Chunk             |    20 |     7 ||    27
Armor: Skin              |    12 |    16 ||    28
Dodge: Dodged            |    74 |    84 ||   158
